 Dungeon Crawl Stone Soup version 0.31-a0-1147-g46bab52692 (webtiles) character file.

Game seed: 3000039748795293710

49 Cyberpsycho the Grasshopper (level 3, 28/28 HPs)
             Began as a Barachi Warper on Dec 6, 2023.
             Was a Follower of Sif Muna.
             Quit the game on level 1 of the Dungeon on Dec 7, 2023.
             The game lasted 00:10:31 (1358 turns).

Cyberpsycho the Grasshopper (Barachi Warper)        Turns: 1358, Time: 00:10:31

Health: 28/28      AC:  3    Str: 12    XL:     3   Next: 77%
Magic:  6/6        EV: 12    Int: 13    God:    Sif Muna [*.....]
Gold:   35         SH:  0    Dex: 13    Spells: 6/6 levels left

rFire   . . .        a - +0 falchion
rCold   . . .        (no shield)
rNeg    . . .        b - +0 leather armour
rPois   .            (no helmet)
rElec   .            (no cloak)
rCorr   .            (no gloves)
SInv    .            (no boots)
Will    .....        (no amulet)
Stlth   +            (no ring)
HPRegen 0.24/turn    (no ring)
MPRegen 0.10/turn

%: no passive effects
@: slow
A: amphibious, slowness 1, strong legs 1, +LOS
a: Hop, Renounce Religion, Channel Magic


You were on level 1 of the Dungeon.
You worshipped Sif Muna.
Sif Muna was aware of your devotion.
You visited 1 branch of the dungeon, and saw 1 of its levels.

You collected 35 gold pieces.

Inventory:

Hand Weapons
 a - a +0 falchion (weapon)
Missiles
 g - 5 boomerangs (quivered)
Armour
 b - a +0 leather armour (worn)
Scrolls
 i - a scroll of revelation {unknown}
Potions
 e - 2 potions of haste {unknown}
 f - a potion of curing {unknown}
 h - a potion of might


   Skills:
 + Level 2.9 Fighting
 + Level 3.0 Long Blades
 + Level 1.4 Throwing
 + Level 1.9 Armour
 + Level 2.6 Dodging
 + Level 2.4 Spellcasting
 + Level 3.5 Translocations


You had 6 spell levels left.
You didn't know any spells.
Your spell library contained the following spells:

 Spells                   Type           Power      Damage    Failure   Level
 Blink                    Tloc           20%        N/A       11%         2
 Lesser Beckoning         Tloc           20%        N/A       11%         2
 Teleport Other           Tloc           10%        N/A       22%         3
 Manifold Assault         Tloc           10%        N/A       56%         4
 Vhi's Electric Charge    Tloc/Air       12%        N/A       83%         4


Dungeon Overview and Level Annotations

Branches:
Dungeon (1/15)

Altars:
Sif Muna


Innate Abilities, Weirdness & Mutations

You are amphibious.
You cover ground slowly.
You can hop short distances.
You have an extended range of vision and can be seen from far away.


Message History

The ball python bites you. The ball python constricts you.
The ball python closely misses you. The ball python constricts you.
You hit the ball python.
The ball python is severely wounded.
The ball python closely misses you. The ball python constricts you.
You closely miss the ball python.
The ball python is heavily wounded.
The ball python bites you but does no damage.
The ball python constricts you.
You hit the ball python.
You kill the ball python!
No target in view!
No target in view!
No target in view!
No target in view!
Done exploring.
Done exploring.
Done exploring.
No target in view!
Done exploring.
Done exploring.
You see here a +0 dagger.
There is an open door here.
There is a faded altar of an unknown god here.
This altar belongs to (a) Gozag, (b) Elyvilon or (c) Sif Muna, but you can't tell which.
Press the corresponding letter to learn more about a god, or press enter to convert or escape to cancel.
Sif Muna accepts your prayer! Sif Muna welcomes you!
You can now call upon Sif Muna for magical energy.
You offer a prayer to Sif Muna.
Okay, then.
Welcome back, Cyberpsycho the Barachi Warper.
Sif Muna whispers: I know many secrets...
Press ? for a list of commands and other information.
Unknown command.
Press < or > to pray at altars.
Unknown command.
Press < or > to pray at altars.
Unknown command.
Press < or > to pray at altars.
Are you sure you want to abandon this character and quit the game? (Confirm with "yes".)

############...##
###..## ##..#####
#######.....#
##########..'#######'#
#.......##.##..###..##
#.#####....>#...8...#
#.#####.#.#.##.....####
#.......##..##8.@(8#..#
...####.#.#.##.....##.#
.^.......####.......#.#
.........####..###..#.#
#.######.##.'###.###'.#
..)...............##..#
#.######.....#.......##
#..## #.#####..####.#
....# #.###....####.#


There were no monsters in sight!

Vanquished Creatures
  A gnoll (D:1)
  6 bats (D:1)
  2 endoplasms (D:1)
  A giant cockroach (D:1)
  3 goblins (D:1)
  7 hobgoblins (D:1)
  3 jackals (D:1)
  4 quokkas (D:1)
  3 ball pythons (D:1)
  A frilled lizard (D:1)
  A kobold (D:1)
  A rat (D:1)
33 creatures vanquished.

Notes
Turn   | Place    | Note
-------+----------+-------------------------------------------
     0 | D:1      | Cyberpsycho the Barachi Warper began the quest for the Orb.
     0 | D:1      | Reached XP level 1. HP: 17/17 MP: 3/3
   244 | D:1      | Reached XP level 2. HP: 23/23 MP: 5/5
   462 | D:1      | Reached XP level 3. HP: 24/28 MP: 6/6
   791 | D:1      | Found a faded altar of an unknown god.
  1357 | D:1      | Prayed at the altar of an unknown god.
  1357 | D:1      | Became a worshipper of Sif Muna the Loreminder
  1357 | D:1      | Reached * piety under Sif Muna
  1358 | D:1      | Upgraded the game from 0.31-a0-1139-gec03705108 to
                  | 0.31-a0-1147-g46bab52692
  1358 | D:1      | Quit the game

Illustrated notes

Levels and vault maps discovered:
D:1:      dpeg_arrival_chambers_temple_mockup, layout_loops_ring,
          hellmonk_ecumenical_altar_slurped_away, minmay_nonomino_d4

Skill      XL: |  1  2  3 |
---------------+----------+-----
Long Blades    | 3 |  3.0
Fighting       | |  2.9
Throwing       | |  1.4
Armour         | |  1.9
Dodging        | |  2.6
Spellcasting   | |  2.4
Translocations | |  3.5

Action                     || total
---------------------------++-------
  Melee: Falchion          ||   134
  Throw: Dart              ||     7
         Boomerang         ||     4
Ability: Hop               ||     1
    Use: Scroll            ||     1
         Potion            ||     1
 Armour: Leather armour    ||    83
  Dodge: Dodged            ||   109

Table legend: (Time is in decaauts)
 A = Elapsed time spent in this place.
 B = Non-inter-level travel time spent in this place.
 C = Inter-level travel time spent in this place.
 D = Time resting spent in this place.
 E = Time spent auto-exploring this place.
 F = Levels seen in this place.
 G = Mean time per level.
                   A        B        C        D        E       F      G
               +--------+--------+--------+--------+--------+-----+--------+
         Total |   1558 |   1477 |     81 |    167 |    938 |   1 | 1558.0 |
       Dungeon |   1558 |   1477 |     81 |    167 |    938 |   1 | 1558.0 |
               +--------+--------+--------+--------+--------+-----+--------+

Top non-repeatable levels by time:
     D:1: 1558 daAuts
